[Event "Titled Tuesday Blitz November 29 Late 2022"]
[White "Naroditsky, Daniel"]
[Black "Wieczorek, Oskar"]
[WhiteFideId "2026961"]
[BlackFideId "1133950"]
[WhiteElo "2628"]
[BlackElo "2404"]
[Result "1-0"]
[Round "10"]
[TimeControl "180+1"]
[Date "2022.11.30"]
[WhiteClock "0:01:32"]
[BlackClock "0:01:17"]

1. e4 c5 2. Nf3 e6 3. c3 d5 4. exd5 exd5 5. d4 Nf6 6. Bb5+ Bd7 7. Bxd7+ Nbxd7 8. O-O Be7 9. dxc5 Nxc5 10. Be3 O-O 11. Nbd2 Re8 12. Nb3 Nce4 13. Nbd4 Rc8 14. Nf5 Bf8 15. Bd4 Qd7 16. Ne3 Bd6 17. Qb3 a6 18. Rad1 Rcd8 19. Bb6 Bc7 20. Bxc7 Qxc7 21. Nxd5 Nxd5 22. Rxd5 Nc5 23. Qc4 Rxd5 24. Qxd5 Rd8 25. Re1 h6 26. Qc4 b5 27. Qe2 Nd3 28. Rd1 Qc4 29. Ne1 1-0


[Site "https://www.chess.com"]

[Event "Titled Tuesday Blitz November 29 Late 2022"]
[White "Nepo"]
[Black "Necromon"]
[WhiteElo "2231"]
[BlackElo "2482"]
[Result "0-1"]
[Round "10"]
[TimeControl "180+1"]
[Date "2022.11.30"]
[WhiteClock "0:01:22"]
[BlackClock "0:01:36"]

1. e4 c5 2. Nf3 Nc6 3. Bb5 g6 4. O-O Bg7 5. c3 Nf6 6. Re1 O-O 7. h3 Qc7 8. e5 Ne8 9. d4 cxd4 10. cxd4 d5 11. Nc3 e6 12. b3 f6 13. Ba3 Rf7 14. Bf1 fxe5 15. Nb5 Qb8 16. dxe5 Nxe5 17. Nxe5 Bxe5 18. Rc1 Bd7 19. Qe2 Bh2+ 20. Kh1 Bf4 21. Rc2 a6 22. Nd4 e5 23. Nf3 Bf5 24. Rd2 Bxd2 0-1


[Site "https://www.chess.com"]

[Event "Titled Tuesday Blitz November 29 Late 2022"]
[White "Novikova, Galina"]
[Black "Haszon, David"]
[WhiteFideId "4157095"]
[BlackFideId "733610"]
[WhiteElo "1973"]
[BlackElo "2211"]
[Result "1-0"]
[Round "10"]
[TimeControl "180+1"]
[Date "2022.11.30"]
[WhiteClock "0:00:56"]
[BlackClock "0:01:34"]

1. e4 c5 2. Nf3 e6 3. b4 cxb4 4. a3 bxa3 5. Nxa3 d5 6. e5 Bd7 7. c3 f6 8. d4 Nc6 9. Bd3 f5 10. O-O Be7 11. Nb5 a6 12. Nd6+ Bxd6 13. exd6 h6 14. Ne5 Nxe5 15. dxe5 Kf7 16. c4 Bc6 17. cxd5 Bxd5 18. Bxf5 g6 19. Bh3 h5 20. Ra3 Nh6 21. Bxh6 Rxh6 22. Rd3 Bc6 23. d7 Rh7 24. Rd6 Kg7 25. Bxe6 Rh8 26. Bh3 a5 27. Qd4 Qe7 28. Qd3 Qxe5 29. Qxg6+ Kf8 30. Rf6+ Ke7 31. Qg7+ Kd8 32. Qxh8+ Kc7 33. Rxc6+ 1-0


[Site "https://www.chess.com"]

[Event "Titled Tuesday Blitz November 29 Late 2022"]
[White "Nugumanov, Bakhtiyar"]
[Black "Cappelletto, Joshuaede"]
[WhiteFideId "13701797"]
[BlackFideId "2824383"]
[WhiteElo "2287"]
[BlackElo "2237"]
[Result "1-0"]
[Round "10"]
[TimeControl "180+1"]
[Date "2022.11.30"]
[WhiteClock "0:00:51"]
[BlackClock "0:00:02"]

1. e4 c5 2. Nf3 d6 3. d4 cxd4 4. Nxd4 Nf6 5. Nc3 g6 6. Be3 Bg7 7. f3 O-O 8. Qd2 Nc6 9. O-O-O d5 10. exd5 Nxd5 11. Nxc6 bxc6 12. Bd4 e5 13. Bc5 Re8 14. Ne4 f5 15. Nd6 Bf8 16. Bc4 Be6 17. Nb7 Qf6 18. Bxf8 Rxf8 19. Nc5 Rfd8 20. Nxe6 Qxe6 21. Rhe1 Kg7 22. Bb3 a5 23. c4 Nb4 24. Qc3 Rxd1+ 25. Rxd1 c5 26. a3 Nc6 27. Rd5 Nd4 28. Bd1 Rc8 29. Qe3 Kf6 30. Qe1 g5 31. Qxa5 Qe7 32. Ba4 e4 33. Qb6+ Ne6 34. Bd7 exf3 35. gxf3 Re8 36. Bxe6 Kg7 37. Rd7 Qxd7 38. Bxd7 Re1+ 39. Kd2 Re7 40. Qd6 1-0


[Site "https://www.chess.com"]

[Event "Titled Tuesday Blitz November 29 Late 2022"]
[White "Olafsson, Helgi"]
[Black "Bjelobrk, Igor"]
[WhiteFideId "2300010"]
[BlackFideId "4300726"]
[WhiteElo "2463"]
[BlackElo "2335"]
[Result "1-0"]
[Round "10"]
[TimeControl "180+1"]
[Date "2022.11.30"]
[WhiteClock "0:02:18"]
[BlackClock "0:02:06"]

1. c4 e6 2. Nf3 d5 3. d4 c5 4. cxd5 cxd4 5. dxe6 Bxe6 6. Nxd4 Bb4+ 7. Nc3 Bxc3+ 8. bxc3 Bd5 9. f3 Qc7 10. Nb5 Qc5 11. Qxd5 Qxd5 1-0


[Site "https://www.chess.com"]

[Event "Titled Tuesday Blitz November 29 Late 2022"]
[White "Pace, Christopher"]
[Black "Harish, Neeraj"]
[WhiteFideId "2610167"]
[BlackFideId "30958130"]
[WhiteElo "2310"]
[BlackElo "1815"]
[Result "1-0"]
[Round "10"]
[TimeControl "180+1"]
[Date "2022.11.30"]
[WhiteClock "0:00:23"]
[BlackClock "0:00:06"]

1. e4 c5 2. Nf3 Nc6 3. d4 cxd4 4. Nxd4 Nf6 5. Nc3 e5 6. Nf3 Bb4 7. Bd3 d5 8. exd5 Nxd5 9. Bd2 Nxc3 10. bxc3 Be7 11. Qe2 O-O 12. O-O f6 13. Nh4 f5 14. Bc4+ Kh8 15. Nf3 e4 16. Nd4 Nxd4 17. cxd4 Qxd4 18. Rad1 Qf6 19. f3 Bc5+ 20. Kh1 exf3 21. Rxf3 Bd7 22. Bc3 Qc6 23. Rg3 Rg8 24. Bxg8 Rxg8 25. Qe5 Bf8 26. Rgd3 Be6 27. Rd8 Qc5 28. Rxf8 Qxe5 29. Rxg8+ 1-0


[Site "https://www.chess.com"]

[Event "Titled Tuesday Blitz November 29 Late 2022"]
[White "Pakleza, Zbigniew"]
[Black "Indjic, Aleksandar"]
[WhiteFideId "1119290"]
[BlackFideId "911925"]
[WhiteElo "2411"]
[BlackElo "2592"]
[Result "0-1"]
[Round "10"]
[TimeControl "180+1"]
[Date "2022.11.30"]
[WhiteClock "0:00:03"]
[BlackClock "0:01:05"]

1. d4 Nf6 2. Nf3 e6 3. Bf4 c5 4. c3 Nc6 5. e3 Nh5 6. Bg5 Qb6 7. Qb3 h6 8. Bh4 g5 9. Bg3 Nxg3 10. hxg3 Bg7 11. Nbd2 d5 12. Be2 g4 13. Nh4 h5 14. Qxb6 axb6 15. a3 Bd7 16. Rd1 Ke7 17. f3 Bf6 18. fxg4 hxg4 19. Kf2 Rag8 20. b4 c4 21. e4 Nxd4 22. cxd4 Bxd4+ 23. Ke1 Ba4 24. exd5 Bxd1 25. Kxd1 b5 26. dxe6 fxe6 27. Kc2 Be5 28. Ne4 Rg7 29. a4 Ra8 30. a5 b6 31. Rb1 bxa5 32. bxa5 Rxa5 33. Nc3 Bxc3 34. Kxc3 Rg5 35. Bd1 Ra3+ 36. Kb4 Rxg3 37. Ra1 Kf6 38. Bc2 Re3 39. Rf1+ Kg7 40. Rf2 Re1 41. Rd2 Rh1 42. g3 Rh3 43. Rd7+ Kf6 44. Ng2 Rxg3 45. Nf4 Rf3 46. Ne2 g3 47. Nd4 Rf2 48. Rd8 Rxc2 49. Nxc2 g2 50. Rf8+ Kg7 0-1


[Site "https://www.chess.com"]

[Event "Titled Tuesday Blitz November 29 Late 2022"]
[White "Pein, Jonathan"]
[Black "Tarnowska, Aleksandra"]
[WhiteFideId "417092"]
[BlackFideId "1180967"]
[WhiteElo "2227"]
[BlackElo "1776"]
[Result "0-1"]
[Round "10"]
[TimeControl "180+1"]
[Date "2022.11.30"]
[WhiteClock "0:01:26"]
[BlackClock "0:00:17"]

1. e4 c5 2. Nf3 e6 3. d4 cxd4 4. Nxd4 a6 5. Nc3 Qc7 6. Be2 b5 7. a3 Bb7 8. O-O Nf6 9. Bf3 Nc6 10. Be3 Be7 11. Ndxb5 axb5 12. Nxb5 Qd8 13. e5 Nd5 14. Bxd5 exd5 15. Qxd5 O-O 16. Rad1 Rb8 17. c4 Bg5 18. f4 Bh4 19. Qxd7 Qa5 20. b4 Qa4 21. g3 Rfd8 22. Qf5 Rxd1 23. Nc3 Rxf1+ 24. Kxf1 Qxa3 25. Nd5 Ne7 26. Nxe7+ Bxe7 27. Kf2 Qb2+ 28. Ke1 Bxb4+ 29. Kd1 Bf3# 0-1


[Site "https://www.chess.com"]

[Event "Titled Tuesday Blitz November 29 Late 2022"]
[White "Perez Torres, Nabi Isaias"]
[Black "Al-Tarboush, Ward"]
[WhiteFideId "5120373"]
[BlackFideId "7601450"]
[WhiteElo "1915"]
[BlackElo "2273"]
[Result "0-1"]
[Round "10"]
[TimeControl "180+1"]
[Date "2022.11.30"]
[WhiteClock "0:00:01"]
[BlackClock "0:00:04"]

1. d4 b6 2. c4 Bb7 3. Nc3 Nf6 4. Qc2 d5 5. cxd5 Nxd5 6. e4 Nxc3 7. bxc3 e6 8. Nf3 Be7 9. Bb5+ c6 10. Bd3 c5 11. O-O O-O 12. Qe2 Nc6 13. Bb2 Rc8 14. e5 Na5 15. Nd2 cxd4 16. cxd4 Qd7 17. Ne4 Qd5 18. Qh5 g6 19. Qg4 Nc4 20. Bc1 h5 21. Qf4 Rfd8 22. Be3 Nb2 23. Bb1 Rc3 24. f3 Rxe3 25. Qxe3 Qxd4 26. Qxd4 Rxd4 27. Bc2 Ba6 28. Rf2 Nc4 29. Rd1 Rxd1+ 30. Bxd1 Nxe5 31. Rd2 Bb4 32. Rd8+ Kg7 33. Ra8 Nc6 34. Ba4 b5 35. Bb3 f5 36. Ng5 Kf6 37. Nxe6 Bb7 38. Rh8 Na5 39. Rb8 Bc6 40. Nd8 Bc5+ 41. Kf1 Bd7 42. Bc2 Nc4 43. Bd3 Ne3+ 44. Kf2 Nd5+ 45. Ke2 Nf4+ 0-1


[Site "https://www.chess.com"]

[Event "Titled Tuesday Blitz November 29 Late 2022"]
[White "Petrovic, Aleksa"]
[Black "Arkell, Keith C"]
[WhiteFideId "967629"]
[BlackFideId "400270"]
[WhiteElo "2224"]
[BlackElo "2342"]
[Result "0-1"]
[Round "10"]
[TimeControl "180+1"]
[Date "2022.11.30"]
[WhiteClock "0:00:01"]
[BlackClock "0:01:49"]

1. d4 e6 2. Nf3 Nf6 3. c4 Bb4+ 4. Nbd2 c5 5. dxc5 Na6 6. g3 Nxc5 7. Bg2 Nce4 8. O-O Nxd2 9. Bxd2 Bxd2 10. Qxd2 d5 11. cxd5 Qxd5 12. Qb4 a5 13. Qa3 Qb5 14. Nd4 Qb4 15. Nc2 Qxa3 16. bxa3 Bd7 17. Bxb7 Rb8 18. Bf3 Ke7 19. Rab1 Rhc8 20. Ne3 Rxb1 21. Rxb1 Rc3 22. Rb3 Rc1+ 23. Kg2 g5 24. Rb7 Rc3 25. Rb3 Rc7 26. Ng4 Nxg4 27. Bxg4 f5 28. Bf3 g4 29. Bb7 Rc2 30. Ba6 Rxa2 31. Bd3 Bc6+ 32. Kf1 Ra1+ 33. Rb1 Rxa3 34. Ke1 Kd6 35. Kd2 a4 36. Kc2 Bd5 37. Kb2 Rb3+ 38. Ka1 Rxb1+ 39. Kxb1 Kc5 40. Kb2 Kb4 41. Ba6 a3+ 42. Ka1 Kc3 43. Bc8 Kd2 44. Ba6 Ke1 45. f4 Kf2 46. Bc8 Kg1 0-1


[Site "https://www.chess.com"]

[Event "Titled Tuesday Blitz November 29 Late 2022"]
[White "Pinheiro, Iung Alicio de O."]
[Black "Bas Mas, Jose Joaquin"]
[WhiteFideId "2104350"]
[BlackFideId "22219064"]
[WhiteElo "2283"]
[BlackElo "2233"]
[Result "1-0"]
[Round "10"]
[TimeControl "180+1"]
[Date "2022.11.30"]
[WhiteClock "0:00:17"]
[BlackClock "0:00:01"]

1. e4 c5 2. Nf3 Nc6 3. Bc4 e6 4. O-O Nf6 5. Re1 Nxe4 6. Rxe4 d5 7. Bxd5 Qxd5 8. Nc3 Qd7 9. d4 cxd4 10. Nxd4 Be7 11. Be3 O-O 12. Qh5 f5 13. Nxc6 fxe4 14. Ne5 Qe8 15. Qg4 Bf6 16. Qxe4 Bd7 17. Bc5 Bxe5 18. Qxe5 Rf5 19. Qe3 Bc6 20. Ne2 Rd8 21. Ng3 Rfd5 22. h3 Qg6 23. Re1 Rd1 24. Kh2 Rxe1 25. Qxe1 Rd5 26. b4 h5 27. f3 Rg5 28. Qf2 h4 29. Nf1 b6 30. Be3 Rb5 31. a3 Re5 32. Qxh4 Qxc2 33. Qd8+ Kf7 34. Qd4 Rd5 35. Qg4 Qf5 36. Qh4 Qf6 37. Qf2 Rd7 38. Ng3 e5 39. Nh5 Qe6 40. Ng3 Kg8 41. Qe2 Rf7 42. Bf2 e4 43. Nxe4 Bxe4 44. fxe4 Qe5+ 45. Bg3 Qe6 46. e5 Rd7 47. Qh5 a5 48. bxa5 bxa5 49. Qf3 Qd5 50. Qf5 Re7 51. Qc8+ Kh7 52. Qc2+ Kg8 53. Qc3 1-0


[Site "https://www.chess.com"]

[Event "Titled Tuesday Blitz November 29 Late 2022"]
[White "Poliakova, Varvara"]
[Black "Adla, Diego"]
[WhiteFideId "13518313"]
[BlackFideId "100072"]
[WhiteElo "2099"]
[BlackElo "2377"]
[Result "0-1"]
[Round "10"]
[TimeControl "180+1"]
[Date "2022.11.30"]
[WhiteClock "0:00:21"]
[BlackClock "0:01:05"]

1. e4 e5 2. Nf3 Nc6 3. Bc4 Nf6 4. d3 Bc5 5. c3 O-O 6. Nbd2 a5 7. a4 h6 8. O-O d6 9. Re1 Be6 10. Nf1 Nxe4 11. Rxe4 d5 12. Bxd5 Bxd5 13. Re1 Re8 14. Ne3 Be6 15. Nc4 Bxc4 16. dxc4 e4 17. Nd2 e3 18. fxe3 Rxe3 19. Kh1 Qd3 20. Nf1 Rxe1 21. Qxe1 Qxc4 22. Be3 Re8 23. Qf2 Bxe3 24. Nxe3 Qc5 25. Re1 Ne5 26. Ng4 Qxf2 27. Nxf2 Kf8 28. Rd1 Ke7 29. Kg1 f6 30. Kf1 Rd8 31. Ke2 Rxd1 32. Kxd1 Ke6 33. Ne4 b6 34. Nd2 Kd5 35. Ke2 Nc4 36. Nf3 Nxb2 37. Kd2 Nxa4 38. Nh4 Ke4 39. g4 Nc5 40. Nf5 a4 41. Nxg7 a3 42. Kc2 Kf4 43. h3 Kg3 44. Nh5+ Kxh3 45. Nxf6 Kh4 46. c4 Kg5 47. Ng8 Nd7 48. Kb3 Ne5 49. c5 bxc5 50. Kxa3 Nxg4 51. Kb3 Ne5 52. Ne7 h5 53. Nd5 h4 54. Nxc7 h3 55. Ne6+ Kg4 56. Nxc5 h2 57. Ne4 Kf3 58. Nd2+ Kg2 0-1


[Site "https://www.chess.com"]

[Event "Titled Tuesday Blitz November 29 Late 2022"]
[White "Pruess, David"]
[Black "Adury, Anant"]
[WhiteFideId "2014254"]
[BlackFideId "30964687"]
[WhiteElo "2431"]
[BlackElo "2203"]
[Result "0-1"]
[Round "10"]
[TimeControl "180+1"]
[Date "2022.11.30"]
[WhiteClock "0:00:01"]
[BlackClock "0:01:05"]

1. e4 c6 2. d4 d5 3. e5 g6 4. Nf3 h5 5. Bg5 Bh6 6. Nbd2 Bg4 7. h3 Bxf3 8. Nxf3 Bxg5 9. Nxg5 e6 10. Qd2 Nh6 11. Bd3 Qe7 12. O-O Nd7 13. Rac1 b5 14. a4 a6 15. axb5 axb5 16. Ra1 Qd8 17. Rxa8 Qxa8 18. Qb4 Qb8 19. Ra1 c5 20. Qxb5 O-O 21. Qxd7 Qxb2 22. Rf1 Qxd4 23. Nf3 Qf4 24. Qc7 c4 25. Be2 Nf5 26. Qc5 g5 27. Rb1 g4 28. hxg4 hxg4 29. Nh2 g3 30. Ng4 gxf2+ 31. Qxf2 Qg5 32. Rb7 Kg7 33. Nf6 Rh8 34. Kf1 Qc1+ 35. Qe1 Rh1+ 36. Kf2 Qxe1+ 0-1


[Site "https://www.chess.com"]

[Event "Titled Tuesday Blitz November 29 Late 2022"]
[White "Przybylski, Wojciech"]
[Black "Kleiman, Jake"]
[WhiteFideId "1117599"]
[BlackFideId "2020041"]
[WhiteElo "2221"]
[BlackElo "2616"]
[Result "0-1"]
[Round "10"]
[TimeControl "180+1"]
[Date "2022.11.30"]
[WhiteClock "0:00:07"]
[BlackClock "0:00:58"]

1. e4 e5 2. Nf3 Nc6 3. Bb5 a6 4. Ba4 Nf6 5. O-O b5 6. Bb3 Bc5 7. d3 O-O 8. Nc3 h6 9. Be3 d6 10. h3 Re8 11. Nd5 Rb8 12. c3 Bxe3 13. fxe3 Nxd5 14. Bxd5 Ne7 15. Bb3 Be6 16. Kh2 Ng6 17. Qe1 d5 18. Rd1 c5 19. exd5 Bxd5 20. Bxd5 Qxd5 21. e4 Qxa2 22. Qf2 Rbc8 23. Ra1 Qe6 24. Ng1 Nf4 25. Rfd1 Red8 26. d4 cxd4 27. cxd4 Qf6 28. d5 Nxd5 29. Qxf6 Nxf6 30. Rxd8+ Rxd8 31. Rxa6 Nxe4 32. Nf3 Rd5 33. Ra8+ Kh7 34. Ra7 f6 35. Nh4 Nd6 36. Rd7 Rd4 37. Nf3 Rd1 38. Nh4 Rd4 39. Nf3 Rd5 40. Kg3 Ne4+ 41. Kg4 Rxd7 42. Kf5 Nd2 43. Ke6 Rd3 44. Nh4 Nc4 45. Nf5 Nxb2 46. Kf7 Nc4 47. Ne7 Rd7 48. g4 b4 49. h4 b3 50. g5 hxg5 51. hxg5 fxg5 52. Kf8 Rxe7 53. Kxe7 b2 54. Kf7 b1=Q 55. Ke6 e4 56. Kf5 e3+ 57. Kg4 e2 58. Kh5 g4 59. Kh4 g3 60. Kh3 g2 61. Kh2 g1=Q+ 62. Kh3 Qf5+ 63. Kh4 Qfg5+ 64. Kh3 Qg6 65. Kh4 e1=Q+ 66. Kh3 Qeg3# 0-1


[Site "https://www.chess.com"]

[Event "Titled Tuesday Blitz November 29 Late 2022"]
[White "Quesada Perez, Yuniesky"]
[Black "Sadhwani, Raunak"]
[WhiteFideId "3504409"]
[BlackFideId "35093487"]
[WhiteElo "2599"]
[BlackElo "2656"]
[Result "0-1"]
[Round "10"]
[TimeControl "180+1"]
[Date "2022.11.30"]
[WhiteClock "0:00:18"]
[BlackClock "0:01:27"]

1. e4 c6 2. d4 d5 3. e5 Bf5 4. Nd2 e6 5. Nb3 Nd7 6. Nf3 Ne7 7. Be2 h6 8. O-O Qc7 9. Bd2 Bh7 10. Ba5 b6 11. Bd2 Nf5 12. c4 dxc4 13. Bxc4 Be7 14. Rc1 O-O 15. Bd3 Rac8 16. Qc2 h5 17. Bg5 Bg6 18. Qd2 Qd8 19. Rfe1 c5 20. Bxe7 Qxe7 21. Ba6 Rcd8 22. Qf4 cxd4 23. Nbxd4 Nxd4 24. Nxd4 Qb4 25. a3 Qxb2 26. Nc6 Nc5 27. Nxd8 Rxd8 28. Bf1 Qxa3 29. Red1 Rf8 30. h3 a5 31. Rd6 Qb2 32. Rcd1 a4 33. Qc1 a3 34. Qxb2 axb2 35. Rxb6 Na4 36. Rb4 Nc3 0-1


[Site "https://www.chess.com"]

[Event "Titled Tuesday Blitz November 29 Late 2022"]
[White "Quinones Garcia, Santiago"]
[Black "Szyszylo, Rafal"]
[WhiteFideId "4408497"]
[BlackFideId "1109626"]
[WhiteElo "2249"]
[BlackElo "1981"]
[Result "1-0"]
[Round "10"]
[TimeControl "180+1"]
[Date "2022.11.30"]
[WhiteClock "0:00:38"]
[BlackClock "0:00:32"]

1. e4 g6 2. d4 d6 3. Nc3 Nf6 4. f4 Bg7 5. Nf3 O-O 6. Bc4 Nxe4 7. Nxe4 d5 8. Bd3 dxe4 9. Bxe4 Nd7 10. c3 Nf6 11. Bd3 c5 12. dxc5 Qc7 13. O-O Qxc5+ 14. Kh1 Rd8 15. Qe2 Bf5 16. Bxf5 Qxf5 17. Qxe7 Rd7 18. Qe2 Re8 19. Qf2 b6 20. Nd4 Qh5 21. Qf3 Qxf3 22. Nxf3 Re2 23. Nd4 Rxd4 24. cxd4 Ng4 25. h3 Nf2+ 26. Kh2 Bxd4 27. Rb1 f5 28. b3 Nd3 29. Ba3 Be3 30. Bd6 Kf7 31. Rbd1 Nf2 32. Rde1 Rxe1 33. Rxe1 Bd4 34. Re7+ Kf6 35. Rxh7 Ne4 36. Be5+ Bxe5 37. fxe5+ Kxe5 38. Rxa7 Nc3 39. a4 g5 40. b4 Kd5 41. a5 bxa5 42. Rxa5+ Ke4 43. b5 Nd5 44. Ra6 Nb4 45. Rg6 Nd5 46. b6 Ne7 47. Re6+ 1-0


[Site "https://www.chess.com"]

[Event "Titled Tuesday Blitz November 29 Late 2022"]
[White "Remizov, Yaroslav"]
[Black "Radjabov, Teimour"]
[WhiteFideId "34134015"]
[BlackFideId "13400924"]
[WhiteElo "2414"]
[BlackElo "2709"]
[Result "1-0"]
[Round "10"]
[TimeControl "180+1"]
[Date "2022.11.30"]
[WhiteClock "0:00:01"]
[BlackClock "0:00:10"]

1. e4 e5 2. Nf3 Nc6 3. Nc3 Nf6 4. Be2 Bb4 5. Nd5 Bc5 6. Nxe5 Nxe4 7. Nd3 O-O 8. Nxc5 Nxc5 9. O-O d6 10. d4 Ne4 11. Bf3 Bf5 12. c3 Qd7 13. Qb3 Rab8 14. Bf4 Rfe8 15. Rfe1 b5 16. Qc2 Ng5 17. Rxe8+ Rxe8 18. Nf6+ gxf6 19. Bxc6 Qxc6 20. Qxf5 Qe4 21. Qxe4 Rxe4 22. Be3 Ne6 23. Kf1 f5 24. a4 b4 25. cxb4 Nxd4 26. Rc1 Ne6 27. Bd2 Rd4 28. Bc3 Rd5 29. b5 Nc5 30. a5 Nb3 31. Re1 Kf8 32. b6 axb6 33. axb6 cxb6 34. g3 Nd2+ 35. Bxd2 Rxd2 36. Rb1 Ke7 37. Kg2 Ke6 38. Kf3 Kd5 39. Ke3 Rc2 40. Rd1+ Kc6 41. b4 Rc4 42. b5+ Kc5 43. f3 d5 44. h4 h5 45. Ra1 f4+ 46. gxf4 Rc3+ 47. Kf2 Kxb5 48. Ra7 f6 49. Rh7 Kc4 50. Rxh5 b5 51. Rh8 Kd3 52. h5 Rc7 53. Rb8 Kc4 54. Kg3 Rg7+ 55. Kf2 Rh7 56. f5 Rxh5 57. Rc8+ Kd4 58. Rb8 1-0


[Site "https://www.chess.com"]

[Event "Titled Tuesday Blitz November 29 Late 2022"]
[White "Reprintsev, Alexander"]
[Black "Hoffmann, Asa"]
[WhiteFideId "14100541"]
[BlackFideId "2001470"]
[WhiteElo "2230"]
[BlackElo "2117"]
[Result "1-0"]
[Round "10"]
[TimeControl "180+1"]
[Date "2022.11.30"]
[WhiteClock "0:01:53"]
[BlackClock "0:01:38"]

1. e4 d6 2. d4 Nf6 3. Nc3 c6 4. Be2 e5 5. Be3 Qc7 6. g4 Be7 7. g5 Nfd7 8. h4 h6 9. gxh6 gxh6 10. Qd2 h5 11. O-O-O b6 12. f4 Ba6 13. Nf3 Bxe2 14. Nxe2 f6 15. Ng3 Na6 16. Nf5 Bf8 17. dxe5 dxe5 18. fxe5 O-O-O 19. e6 Ne5 20. Qxd8+ Qxd8 21. Rxd8+ Kxd8 22. Nxe5 fxe5 23. Bg5+ Ke8 24. e7 Nc5 25. Nd6+ Kd7 26. e8=Q+ Kxd6 27. Rd1+ 1-0


[Site "https://www.chess.com"]

[Event "Titled Tuesday Blitz November 29 Late 2022"]
[White "Rios Escobar, Adan"]
[Black "Jimenez, Joaquin"]
[WhiteFideId "3403645"]
[BlackFideId "109860"]
[WhiteElo "2305"]
[BlackElo "2163"]
[Result "0-1"]
[Round "10"]
[TimeControl "180+1"]
[Date "2022.11.30"]
[WhiteClock "0:00:02"]
[BlackClock "0:00:41"]

1. d4 Nf6 2. g3 g6 3. Bg2 Bg7 4. e4 d6 5. Ne2 O-O 6. O-O e5 7. Nbc3 Nc6 8. dxe5 dxe5 9. Bg5 Be6 10. Nd5 Bxd5 11. exd5 Ne7 12. c4 h6 13. Bxf6 Bxf6 14. c5 Bg7 15. Rc1 Nf5 16. Qd3 Nd4 17. Nxd4 exd4 18. d6 cxd6 19. Bxb7 Rb8 20. c6 Qc7 21. Rfe1 Be5 22. b4 Kg7 23. b5 Rfe8 24. a4 Re7 25. Re4 Rxb7 26. f4 Bf6 27. Rxe7 Bxe7 28. Re1 Rb8 29. Qxd4+ Bf6 30. Qd5 a6 31. Kg2 axb5 32. axb5 Qb6 33. Rb1 Ra8 34. Qxd6 Ra2+ 35. Kh3 Qf2 36. Qd5 Qxh2+ 37. Kg4 Qe2+ 38. Kh3 Qh2+ 39. Kg4 h5+ 40. Kf3 Qe2# 0-1


[Site "https://www.chess.com"]

[Event "Titled Tuesday Blitz November 29 Late 2022"]
[White "Risteski, Emil"]
[Black "Zhigalko, Sergei"]
[WhiteFideId "15005267"]
[BlackFideId "13502956"]
[WhiteElo "2251"]
[BlackElo "2662"]
[Result "0-1"]
[Round "10"]
[TimeControl "180+1"]
[Date "2022.11.30"]
[WhiteClock "0:00:04"]
[BlackClock "0:00:06"]

1. e4 c5 2. Nc3 Nc6 3. f4 g6 4. Nf3 Bg7 5. Bb5 Nd4 6. O-O a6 7. Bc4 e6 8. d3 Ne7 9. Nxd4 cxd4 10. Ne2 d5 11. Bb3 dxe4 12. dxe4 O-O 13. Qd3 Qb6 14. Rd1 Rd8 15. Bd2 Bd7 16. a4 Rac8 17. Be1 Nc6 18. Bf2 e5 19. fxe5 Bg4 20. e6 fxe6 21. h3 Ne5 22. Qd2 Bxe2 23. Qxe2 Kh8 24. Kh1 Qb4 25. a5 d3 26. Qd2 Qxd2 27. Rxd2 dxc2 28. Rxd8+ Rxd8 29. Rc1 Rd1+ 30. Rxd1 cxd1=Q+ 31. Bxd1 Nc6 32. Bg4 Bxb2 33. Bxe6 Nxa5 34. Bb6 Bc3 35. Bc8 Nc4 36. Bf2 Nd6 37. Be6 Nxe4 38. Bb6 Be5 39. Bd5 Nd6 40. Bc7 b5 41. Kg1 Nc4 42. Bd8 Kg7 43. Kf2 Bd4+ 44. Ke2 Bf6 45. Bc7 Be5 46. Bd8 Nd6 47. Bc7 Kf6 48. Bxd6 Bxd6 49. Bb7 a5 50. Ba6 b4 51. Bb5 Ke5 52. Kd3 Bc5 53. Bc6 Kf4 54. Kc2 Ke3 55. Kb3 Bb6 56. Bd5 Kd4 57. Bc6 h6 58. Bb7 Bc7 59. Bc6 Kc5 60. Bb7 Kb5 61. Bc8 a4+ 62. Kc2 b3+ 63. Kb1 Kb4 64. Be6 a3 65. Bf7 Be5 66. Bxb3 Kxb3 0-1


[Site "https://www.chess.com"]

[Event "Titled Tuesday Blitz November 29 Late 2022"]
[White "Rodriguez Fontecha, Marcos"]
[Black "Seletsky, Grigory"]
[WhiteFideId "2256576"]
[BlackFideId "14112191"]
[WhiteElo "2263"]
[BlackElo "2492"]
[Result "1-0"]
[Round "10"]
[TimeControl "180+1"]
[Date "2022.11.30"]
[WhiteClock "0:00:46"]
[BlackClock "0:00:03"]

1. Nf3 d5 2. g3 c6 3. Bg2 g6 4. O-O Bg7 5. c4 Nf6 6. cxd5 cxd5 7. Nc3 Nc6 8. d3 O-O 9. Bg5 h6 10. Bf4 g5 11. Bd2 e5 12. e4 d4 13. Ne2 Be6 14. b3 Nd7 15. Rc1 f6 16. Ne1 Qe7 17. f4 Rfc8 18. f5 Bf7 19. Nf3 Qa3 20. Rc2 Nb4 21. Bxb4 Qxb4 22. Nc1 Bf8 23. Rff2 Qa5 24. h4 Ba3 25. hxg5 hxg5 26. g4 Nb6 27. Bf1 Rc3 28. Nd2 Rxc2 29. Qxc2 Rc8 30. Nc4 Bxc1 31. Qxc1 Nxc4 32. dxc4 b5 33. c5 b4 34. Rc2 Rc6 35. Bd3 Qc7 36. Bb5 Kg7 37. Bxc6 Qxc6 38. Qe1 a5 39. Qe2 Be8 40. Kf2 Bd7 41. Kf3 Bc8 42. Qc4 Ba6 43. Qd5 1-0


[Site "https://www.chess.com"]

[Event "Titled Tuesday Blitz November 29 Late 2022"]
[White "Rodriguez Santiago, Jaime"]
[Black "Estrada Nieto, Julian"]
[WhiteFideId "3100898"]
[BlackFideId "5101018"]
[WhiteElo "2025"]
[BlackElo "2221"]
[Result "0-1"]
[Round "10"]
[TimeControl "180+1"]
[Date "2022.11.30"]
[WhiteClock "0:00:20"]
[BlackClock "0:00:33"]

1. c4 e5 2. Nc3 Nf6 3. g3 d5 4. cxd5 Nxd5 5. Bg2 Nb6 6. e3 Be7 7. Nge2 O-O 8. O-O Nc6 9. f4 f6 10. f5 g6 11. g4 gxf5 12. gxf5 Kh8 13. d4 Rg8 14. Kh1 Bd6 15. d5 Ne7 16. e4 Bc5 17. Rf3 Bd7 18. Rh3 Nxf5 19. exf5 Bxf5 20. Rh6 Bf8 21. Rh4 Bg4 22. Qd3 f5 23. Rxg4 fxg4 24. Be4 Qh4 25. Ng3 Bc5 26. Bd2 Raf8 27. Be3 Bxe3 28. Qxe3 Nc4 29. Qe2 Nd6 30. Bg2 Rg5 31. Nce4 Nf5 32. Re1 Nd4 33. Qe3 Nf3 34. Nxg5 Qxh2# 0-1


[Site "https://www.chess.com"]

[Event "Titled Tuesday Blitz November 29 Late 2022"]
[White "Rorrer, Grayson"]
[Black "Chigaev, Maksim"]
[WhiteFideId "30944996"]
[BlackFideId "4108116"]
[WhiteElo "2130"]
[BlackElo "2541"]
[Result "0-1"]
[Round "10"]
[TimeControl "180+1"]
[Date "2022.11.30"]
[WhiteClock "0:01:49"]
[BlackClock "0:01:22"]

1. e4 c5 2. Nf3 e6 3. d4 cxd4 4. Nxd4 Nf6 5. Nc3 Nc6 6. Be2 Be7 7. O-O Qc7 8. Be3 a6 9. f4 d6 10. Bf3 O-O 11. Qe2 Nxd4 12. Bxd4 e5 13. Be3 Be6 14. Rfd1 exf4 15. Bxf4 Nd7 16. Kh1 Rac8 17. Nd5 Bxd5 18. exd5 Ne5 19. Bxe5 dxe5 20. Be4 f5 21. d6 Bxd6 22. Bd5+ Kh8 23. c4 e4 24. h3 b6 25. a3 Qe7 26. Kg1 Qe5 27. Kf1 Bc5 28. b4 Bd4 29. Ra2 Qf4+ 30. Ke1 Bc3+ 31. Rad2 e3 0-1


[Site "https://www.chess.com"]